 Dungeon Crawl Stone Soup version 0.30.1-9-gdf580d7c3d (webtiles) character file.

Game seed: 12790214227042379056

189 ChiefBigBeans the Trooper (level 5, -3/54 HPs)
             Began as a Troll Berserker on Sept 28, 2023.
             Was a Believer of Trog.
             Slain by an orc warrior
             ... wielding a +2 scimitar of electrocution
              (9 damage)
             ... on level 4 of the Dungeon.
             The game lasted 00:04:22 (2115 turns).

ChiefBigBeans the Trooper (Troll Berserker)         Turns: 2115, Time: 00:04:22

Health: -3/54      AC:  5    Str: 32 (33) XL:     5   Next: 40%
Magic:  4/4        EV: 10    Int:  2 (3)  God:    Trog [**....]
Gold:   106        SH:  0    Dex:  8 (9)  Spells: 4/4 levels left

rFire   . .          .
                       - Unarmed
rCold   . . .        (no shield)
rNeg    + . .        a - +1 animal skin
rPois   .            (helmet restricted)
rElec   .            (no cloak)
rCorr   .            (gloves unavailable)
SInv    .            (boots unavailable)
Will    .....        (no amulet)
Stlth   +            m - ring of positive energy
HPRegen 1.09/turn    o - +6 ring of strength
MPRegen 0.09/turn

%: no passive effects
@: mighty
A: large, unfitting armour, claws 3, regeneration 1, shaggy fur 1, tough skin 1
a: Renounce Religion, Berserk, Trog's Hand


You were on level 4 of the Dungeon.
You worshipped Trog.
Trog was pleased with you.
You visited 1 branch of the dungeon, and saw 4 of its levels.

You collected 106 gold pieces.

Inventory:

Hand Weapons
 c - a +2 mace of protection
Armour
 a - a +1 animal skin (worn)
Jewellery
 m - a ring of positive energy (left claw)
 o - a +6 ring of strength (right claw)
Scrolls
 k - a scroll of summoning
Potions
 b - 2 potions of magic
 i - a potion of curing
 n - a potion of brilliance


   Skills:
 + Level 4.0 Fighting
 + Level 3.0 Maces & Flails
 - Level 2.5 Dodging
 - Level 3.1 Unarmed Combat


You had 4 spell levels left.
You didn't know any spells.
Your spell library contained the following spells:

 Spells                   Type           Power      Damage    Failure   Level
 Cigotuvi's Dreadful Rot  Necr/Pois/Air  0%         N/A       69%         2
 Ignite Poison            Fire/Tmut/Pois 0%         N/A       89%         3
 Freezing Cloud           Conj/Ice/Air   0%         6-21      100%        5


Dungeon Overview and Level Annotations

Branches:
Dungeon (4/15)
 Temple: D:4-7

Altars:

Annotations:
D:4 Grinder


Innate Abilities, Weirdness & Mutations

You are too large for most types of armour.
You have claws for hands.
Your natural rate of healing is unusually fast.
You are covered in fur. (AC +1)
You have tough skin. (AC +1)


Message History

You claw the endoplasm!
You kill the endoplasm!
Trog accepts your kill. The endoplasm attacks as you move away!
The endoplasm completely misses you.
A hound comes into view.
The endoplasm hits you.
The orc priest hits you with a +0 dagger.
The orc hits you with a +0 hand axe.
The orc wizard hits you with a +0 dagger.
The orc warrior hits you with a +2 scimitar of electrocution!
You completely miss the orc wizard.
The orc wizard shouts!
The endoplasm closely misses you. The orc barely misses you.
The orc wizard hits you but does no damage.
The orc warrior hits you with a +2 scimitar of electrocution!
You are electrocuted!
* * * LOW HITPOINT WARNING * * *
The orc priest barely misses you.
You claw the orc warrior!
The orc warrior is heavily wounded.
The endoplasm freezes you.
You are frozen.
* * * LOW HITPOINT WARNING * * *
The orc priest barely misses you. The orc closely misses you.
The orc wizard hits you with a +0 dagger.
* * * LOW HITPOINT WARNING * * *
The orc warrior closely misses you.
You claw the orc!
You kill the orc!
Trog accepts your kill.
You feel less confused. Grinder gestures at you. Pain shoots through your body!
* * * LOW HITPOINT WARNING * * *
The endoplasm freezes you.
You are frozen.
* * * LOW HITPOINT WARNING * * *
The orc wizard barely misses you.
The orc warrior hits you with a +2 scimitar of electrocution!
You die...

#......#
#......#
#......#
####......# ##
...[......#
##.>
.......h..#
#o.§.
#..K.5.####.o.#
#....).#..o...#
...#...J@.#§#o#
.....).ooo#.§.#
.....#.#SKgo###
........ooo.#
#.......o#.....
#.#.......?...#
#....#.......##
..........#...#
..........>...#


You could see Grinder, an orc warrior, a hound, an orc priest, 3 orc wizards, 3
orcs, an endoplasm, a goblin, a ball python and 2 kobolds.

Vanquished Creatures
  An orc priest (D:2)
  Jessica (D:3)
  Terence (D:3)
  5 adders
  4 orcs
  9 ball pythons
  7 endoplasms
  4 giant cockroaches
  4 goblins
  6 hobgoblins
  4 kobolds
  2 quokkas
  4 bats
  5 frilled lizards
  4 rats
61 creatures vanquished.

Notes
Turn   | Place    | Note
-------+----------+-------------------------------------------
     0 | D:1      | ChiefBigBeans the Troll Berserker began the quest for the
                  | Orb.
     0 | D:1      | Reached XP level 1. HP: 22/22 MP: 0/0
   131 | D:1      | Reached XP level 2. HP: 29/29 MP: 1/1
   282 | D:1      | Reached ** piety under Trog
   283 | D:1      | Reached skill level 3 in Fighting
   283 | D:1      | Reached skill level 1 in Maces & Flails
   697 | D:2      | Reached XP level 3. HP: 37/37 MP: 2/2
   948 | D:2      | Reached XP level 4. HP: 41/45 MP: 3/3
  1337 | D:3      | Noticed Terence
  1349 | D:3      | Killed Terence
  1350 | D:3      | Reached XP level 5. HP: 34/54 MP: 4/4
  1567 | D:3      | Noticed Jessica
  1573 | D:3      | Killed Jessica
  1699 | D:3      | Reached skill level 4 in Fighting
  2058 | D:3      | Gained mutation: You have sharp toenails. [potion of
                  | mutation]
  2058 | D:3      | Lost mutation: You have sharp toenails. [potion of
                  | mutation]
  2076 | D:4      | Noticed an orc warrior
  2109 | D:4      | Noticed Grinder
  2115 | D:4      | Slain by an orc warrior

Illustrated notes

Levels and vault maps discovered:
D:1:      lightli_arrival_quake, layout_loops_ring, hex_medium
D:2:      layout_basic, nicolae_elevator_lobby_asterisk
D:3:      layout_basic, uniq_terence, uniq_jessica
D:4:      layout_rooms, nicolae_elyvilon_temple_path, uniq_grinder

Skill      XL: |  1  2  3  4  5 |
---------------+----------------+-----
Fighting       | 3 4 |  4.0
Maces & Flails | 1 2 3 |  3.0
Dodging        | |  2.5
Unarmed Combat | |  3.1

Action                     |  1- 3 |  4- 6 || total
---------------------------+-------+-------++-------
  Melee: Unarmed           |    72 |    63 ||   135
         Punch             |     1 |       ||     1
    Use: Potion            |       |     8 ||     8
         Scroll            |       |     6 ||     6
   Stab: Sleeping          |     2 |       ||     2
 Armour: Animal skin       |    18 |    18 ||    36
  Dodge: Dodged            |    26 |    41 ||    67
